[Event "*** Titled Tuesday Blitz"]
[Site "Chess.com"]
[Date "2020.05.05"]
[Round "2"]
[White "aakankshachess"]
[Black "Peng_Li-Min"]
[Result "1-0"]
[WhiteElo "2504"]
[BlackElo "2699"]
[TimeControl "180+1"]
[EndTime "10:18:11 PDT"]
[Termination "aakankshachess won on time"]

1. e4 c5 2. Nf3 d6 3. Bb5+ Nd7 4.
O-O Nf6 5. Qe2 e5 6. c3 a6 7. Ba4 b5 8. Bc2 Bb7 9. d4 Be7 10. Rd1 Qc7 11. dxe5 dxe5 12. Nbd2 O-O 13. Nf1 c4 14. Ng3 Rfd8 15. Nf5 Bf8 16. Bg5 h6 17. Bh4 g6 18. Ne3 Be7 19. Bg3 Nh5 20. Nd5 Bxd5 21. exd5 Bd6 22. Nd2 Nxg3 23. hxg3 Kg7 24. Ne4 f5 25. Nd2 h5 26. Nf3 Nc5 27. b4 Nd3 28.
Ng5 Qe7 29. Ne6+ Kh7 30. Nxd8 Rxd8 31. Bxd3 cxd3 32. Qxd3 Rc8 33. a4 Qd7 34. axb5 axb5 35. Ra6 Rc4 36. Rda1 Kh6 37. Qd2+ f4 38. gxf4 exf4 39.
Qe2 Rc7 40. Qe6 Qxe6 41. dxe6 Be5 42. Rc1 Kg5 43. Rb6 Kf6 44. Rxb5 Kxe6 45. Re1 1-0

[Event "*** Titled Tuesday Blitz"]
[Site "Chess.com"]
[Date "2020.05.05"]
[Round "2"]
[White "jmduque"]
[Black "AlanZhang"]
[Result "1-0"]
[WhiteElo "2420"]
[BlackElo "2180"]
[TimeControl "180+1"]
[EndTime "10:18:11 PDT"]
[Termination "jmduque won on time"]

1. e4 e5 2. Nf3 Nc6 3. Bc4 Bc5 4.
O-O Nf6 5. d3 d6 6. c3 Bb6 7. a4 h6 8. Nbd2 O-O 9. h3 Re8 10.
Re1 Be6 11. Bxe6 Rxe6 12. Nc4 d5 13. exd5 Qxd5 14. a5 Bc5 15. Qb3 Qxd3 16. Ncxe5 Nxe5 17. Nxe5 Qf5 18. Be3 Bxe3 19. Rxe3 Rxe5 20. Qxb7 Rae8 21. Rxe5 Rxe5 22. Qxa7 Re2 23. a6 Rxb2 24. Qd4 c5 25. Qd8+ Kh7 26. Rf1 Ne4 27. a7 Rxf2 28. Qd1 Rxf1+ 29.
Qxf1 Qd5 30. Qa1 Qa8 31. Qa6 Nxc3 32. Qb6 Nb5 33. Qxb5 Qxa7 34. Qd3+ g6 35. Qd8 Kg7 36. Kh2 1-0

[Event "*** Titled Tuesday Blitz"]
[Site "Chess.com"]
[Date "2020.05.05"]
[Round "2"]
[White "AcsinteMatei"]
[Black "DACF2905"]
[Result "0-1"]
[WhiteElo "2399"]
[BlackElo "2186"]
[TimeControl "180+1"]
[EndTime "10:18:11 PDT"]
[Termination "DACF2905 won by resignation"]

1. d4 Nf6 2. Bf4 g6 3. Nc3 Bg7 4. e4 d6 5. Qd2 O-O 6. O-O-O c6 7.
Bh6 Qa5 8. Kb1 Be6 9. a3 Re8 10. h4 Nbd7 11. h5 Nxh5 12. d5 cxd5 13. Rxh5 Bxc3 14.
bxc3 Qxa3 15. exd5 Bg4 16. Qd4 Nf6 17. Be2 Bxh5 18.
g4 Rac8 19. gxh5 Rc5 20. Bc1 Qxc3 21. Qxc3 Rxc3 22. hxg6 hxg6 23. Bb2 Rc5 24. c4 Ne4 25.
Nf3 f6 26. Bd3 Nxf2 27. Bxg6 Nxd1 28. Bxe8 Nxb2 29. Kxb2 Rxc4 30. Bd7 Kg7 31. Nh4 Rxh4 0-1

[Event "*** Titled Tuesday Blitz"]
[Site "Chess.com"]
[Date "2020.05.05"]
[Round "2"]
[White "Luibov_AN"]
[Black "Gvetadze"]
[Result "0-1"]
[WhiteElo "2089"]
[BlackElo "2379"]
[TimeControl "180+1"]
[EndTime "10:18:11 PDT"]
[Termination "Gvetadze won by resignation"]

1. d4 Nf6 2. Nf3 g6 3. Bg5 Bg7 4. Nbd2 O-O 5. e4 d6 6. Bc4 Nbd7 7. c3 e5 8. O-O c6 9. a4 Re8 10. Re1 Qc7 11. a5 a6 12. Qb3 Nf8 13. dxe5 dxe5 14.
Qc2 Be6 15. Bf1 h6 16. Be3 N8d7 17. h3 Nh5 18. Nc4 Nf4 19. Bb6 Qb8 20. Rad1 Bxc4 21.
Bxc4 Nxb6 22. axb6 Qc8 23. Qb3 Rf8 24. Rd6 Qe8 25.
Red1 Kh8 26. Kh2 f5 27. g3 fxe4 28. Nh4 Qe7 29. Rd7 Qg5 30. Rxg7 Kxg7 31. Rd7+ Kh8 32.
Qd1 Nd3 33. Qg4 Rxf2+ 34. Kg1 Qc1+ 0-1

[Event "*** Titled Tuesday Blitz"]
[Site "Chess.com"]
[Date "2020.05.05"]
[Round "2"]
[White "TheBigBoss04"]
[Black "PlotnikovPavel"]
[Result "1-0"]
[WhiteElo "2720"]
[BlackElo "2490"]
[TimeControl "180+1"]
[EndTime "10:18:12 PDT"]
[Termination "TheBigBoss04 won by resignation"]

1. d4 e6 2. Bf4 d5 3. e3 Bd6 4.
Nf3 Nf6 5. Nbd2 O-O 6. Bd3 c5 7. c3 Nc6 8. dxc5 Bxc5 9. e4 Qb6 10. O-O dxe4 11. Nxe4 Nxe4 12. Bxe4 a5 13. Bxh7+ Kxh7 14. Ng5+ Kg6 15. Qd3+ Kf6 16. Nh7+ Ke7 17. Bg5+ f6 18. Nxf8 Kxf8 19. Bh4 e5 20. Qh7 Be6 21. Qh8+ Bg8 22. Rad1 Ne7 23. Kh1 Ng6 24. Qh5 Nf4 25. Qh8 Qc6 26.
f3 Re8 27. Bf2 Ng6 28. Bxc5+ Qxc5 29. Qh5 Bf7 30. Rd7 Qc6 31. Rfd1 Kg8 32. Rd8 Nf4 33. Rxe8+ Qxe8 34. Qf5 Qe6 35. Rd8+ Qe8 36. Rxe8+ Bxe8 37. g3 Ne2 38. Qc2 Bb5 39. Qb3+ 1-0

[Event "*** Titled Tuesday Blitz"]
[Site "Chess.com"]
[Date "2020.05.05"]
[Round "2"]
[White "jlucasvf"]
[Black "atalz0"]
[Result "1-0"]
[WhiteElo "2699"]
[BlackElo "2478"]
[TimeControl "180+1"]
[EndTime "10:18:12 PDT"]
[Termination "jlucasvf won on time"]

1. e4 d5 2. exd5 Nf6 3. d4 Nxd5 4. c4 Nb6 5. Nc3 e5 6. Qe2 Qxd4 7. Be3 Qg4 8. Nf3 Nc6 9. O-O-O Be7 10. Nd5 Bd8 11. h3 Qg6 12. Bc5 f6 13. g4 Be6 14. Bg2 Qf7 15. Nh4 Nd7 16. Ba3 a5 17. f4 Nb4 18.
Kb1 O-O 19. Bxb4 axb4 20. f5 b3 21. axb3 c6 22. fxe6 Qxe6 23. Nf4 Qf7 24. Nd3 Bb6 25. Nf5 Ra6 26. Kc2 Rfa8 27. Rhf1 Qe6 28. g5 fxg5 29. Qg4 h6 30. Nxh6+ Qxh6 31. Qxd7 Bd4 32. Qxb7 Ra2 33. Qxc6 1-0

[Event "*** Titled Tuesday Blitz"]
[Site "Chess.com"]
[Date "2020.05.05"]
[Round "2"]
[White "tsvet2005"]
[Black "WIDBIFS"]
[Result "0-1"]
[WhiteElo "2524"]
[BlackElo "2784"]
[TimeControl "180+1"]
[EndTime "10:18:13 PDT"]
[Termination "WIDBIFS won by checkmate"]

1. d4 Nf6 2. c4 g6 3. Nc3 Bg7 4. e4 O-O 5. Be2 d6 6. Be3 e5 7. d5 c6 8. h4 cxd5 9. cxd5 h5 10. f3 a6 11. Nh3 Bxh3 12. Rxh3 Nbd7 13. g4 Rc8 14. g5 Nh7 15. Qd2 b5 16. Rc1 f6 17.
Rg3 fxg5 18. hxg5 Qe7 19. Kf1 Rf4 20. Bxf4 exf4 21. Rg2 Rf8 22. Nd1 Ne5 23. Nf2 Nxg5 24. Qd1 Ngf7 25. b3 g5 26. Nd3 g4 27. Nxf4 Ng5 28.
Nxh5 gxf3 29. Rf2 Nxe4 30. Rxf3 Nxf3 31. Bxf3 Qh4 32. Qe2 Qh1# 0-1

[Event "*** Titled Tuesday Blitz"]
[Site "Chess.com"]
[Date "2020.05.05"]
[Round "2"]
[White "EugeneRougon"]
[Black "Shuvatkin_Vladimir"]
[Result "1-0"]
[WhiteElo "2759"]
[BlackElo "2335"]
[TimeControl "180+1"]
[EndTime "10:18:13 PDT"]
[Termination "EugeneRougon won on time"]

1. e4 e6 2. d4 d5 3. Nd2 dxe4 4. Nxe4 Bd7 5. Nf3 Bc6 6. Bd3 Nd7 7. O-O Ngf6 8. Ng3 Be7 9. c4 O-O 10. Bf4 b6 11.
Ne5 Nxe5 12. dxe5 Nd7 13. Qc2 h6 14. Rad1 Qc8 15. Qe2 Qb7 16. Qg4 Kh8 17. Qh5 Bxg2 18. Bxh6 g6 19. Bxg6 fxg6 20. Qxg6 Rg8 21. Qxe6 Nf8 22.
Qxe7 Bxf1 23. Kxf1 Qf3 24. Rd4 Ng6 25. Qg5 Raf8 26. Bxf8 Nxf8 27. Qh6+ Nh7 28. Rd7 1-0

[Event "*** Titled Tuesday Blitz"]
[Site "Chess.com"]
[Date "2020.05.05"]
[Round "2"]
[White "Abund"]
[Black "Quattroporte300"]
[Result "1-0"]
[WhiteElo "2649"]
[BlackElo "2320"]
[TimeControl "180+1"]
[EndTime "10:18:13 PDT"]
[Termination "Abund won by resignation"]

1. Nf3 Nf6 2. c4 e6 3. Nc3 d5 4. d4 c6 5. Bg5 Nbd7 6. e3 Qa5 7. Nd2 Bb4 8. Qc2 O-O 9. Be2 h6 10. Bh4 Re8 11. O-O Qc7 12. Rac1 a6 13. c5 e5 14. Bg3 Qd8 15. Rfe1 e4 16. a3 Ba5 17. b4 Bc7 18. a4 Nf8 19. b5 Bd7 20. bxa6 bxa6 21. Rb1 Bc8 22. Rb2 Bxg3 23. hxg3 Qc7 24. Reb1 N8d7 25. a5 Nh7 26. Na4 Nhf8 27. Nb6 Nxb6 28.
cxb6 Qb7 29. Nb3 Ne6 30. Bg4 Nxd4 31. Bxc8 Nxc2 32. Bxb7 Na3 33. Bxc6 Nxb1 34. b7 Rad8 35. Rxb1 1-0

[Event "*** Titled Tuesday Blitz"]
[Site "Chess.com"]
[Date "2020.05.05"]
[Round "2"]
[White "Semen_Khanin"]
[Black "DrVitman"]
[Result "1/2-1/2"]
[WhiteElo "2700"]
[BlackElo "2490"]
[TimeControl "180+1"]
[EndTime "10:18:14 PDT"]
[Termination "Game drawn by repetition"]

1. e4 c5 2. Nf3 Nc6 3. d4 cxd4 4. Nxd4 e5 5. Nb5 a6 6. Nd6+ Bxd6 7. Qxd6 Qf6 8.
Qxf6 Nxf6 9. Nc3 Nb4 10. Bd3 h6 11. a3 Nxd3+ 12. cxd3 d5 13. exd5 O-O 14. O-O Rd8 15. Re1 Nxd5 16. Rxe5 Nxc3 17. bxc3 Rxd3 18. Re8+ Kh7 19.
Be3 b5 20. Bd4 Bb7 21. Re7 Bd5 22. h4 a5 23. Rb1 Bc4 24. h5 Rd8 25. f3 Rd5 26.
Re5 Rxe5 27. Bxe5 Rd5 28. Bc7 a4 29. g4 Rd3 30. Kg2 Rxc3 31. Bd6 Bd5 32. Rf1 Rc6 33. Bb4 f5 34. Kg3 Rf6 35. Rd1 Bc6 36. Rd3 fxg4 37. fxg4 Kg8 38. Re3 Kf7 39. Re7+ Kg8 40. Re3 Kf7 41.
Re7+ Kg8 42. Re3 1/2-1/2

[Event "*** Titled Tuesday Blitz"]
[Site "Chess.com"]
[Date "2020.05.05"]
[Round "2"]
[White "DishonorOnYourCow"]
[Black "cassoulet"]
[Result "1-0"]
[WhiteElo "2332"]
[BlackElo "2596"]
[TimeControl "180+1"]
[EndTime "10:18:14 PDT"]
[Termination "DishonorOnYourCow won on time"]

1. d4 d5 2. c4 e5 3. dxe5 d4 4. Bf4 g5 5. Bg3 Nc6 6. h3 Bf5 7. Nf3 h5 8. Nbd2 a5 9. e4 dxe3 10. fxe3 Bc5 11. Bf2 Nb4 12. e4 Bxf2+ 13. Kxf2 Be6 14.
Nb3 Qe7 15. a3 Nc6 16. Nbd4 Rd8 17. Qa4 Bd7 18. Nxc6 Bxc6 19. Qb3 Nh6 20. Be2 g4 21. hxg4 Nxg4+ 22. Kg3 Nxe5 23. Rhd1 Rg8+ 24. Kh3 Bd7+ 25. Kh2 Ng4+ 26. Kg1 Qc5+ 27. Nd4 Bc6 28. Qc3 1-0

[Event "*** Titled Tuesday Blitz"]
[Site "Chess.com"]
[Date "2020.05.05"]
[Round "2"]
[White "Aleksandar-Topalov"]
[Black "Boninknights"]
[Result "1-0"]
[WhiteElo "2395"]
[BlackElo "2135"]
[TimeControl "180+1"]
[EndTime "10:18:14 PDT"]
[Termination "Aleksandar-Topalov won by resignation"]

1. b3 d5 2. Bb2 Bg4 3. f3 Bh5 4. e4 dxe4 5. Qe2 Nc6 6. Qb5 e5 7. Qxb7 Nge7 8. Bb5 Kd7 9. Qa6 exf3 10. Nxf3 Bxf3 11. gxf3 f6 12. Nc3 Qc8 13. Qa4 Qb7 14. O-O-O a6 15. Bf1 Qb4 16. Qxb4 Nxb4 17. d4 Kc8 18. dxe5 fxe5 19. Bg2 Ng6 20. f4 c6 21. fxe5 Nf4 22. Be4 Bc5 23. a3 Nbd5 24. Nxd5 cxd5 25.
Bxd5 Rb8 26. Rhf1 Re8 27. Kb1 g5 28. Be4 Rb6 29. Bf5+ Kb8 30. b4 Be7 31. c4 Rh6 32. Rd2 Rh4 33. c5 Ng6 34. c6 Rc4 35. Bd7 Rf8 36.
Rxf8+ Nxf8 37. Rf2 Nxd7 38. cxd7 Kc7 39. e6 Re4 40.
Rc2+ Kb7 41. Rc8 1-0

[Event "*** Titled Tuesday Blitz"]
[Site "Chess.com"]
[Date "2020.05.05"]
[Round "2"]
[White "GelmanAlexander"]
[Black "Zkid"]
[Result "0-1"]
[WhiteElo "2530"]
[BlackElo "2810"]
[TimeControl "180+1"]
[EndTime "10:18:15 PDT"]
[Termination "Zkid won by resignation"]

1. c4 e5 2. e3 Nc6 3. a3 g6 4. d3 Bg7 5. Nf3 Nf6 6. Nc3 O-O 7. Be2 d5 8. cxd5 Nxd5 9. Bd2 Be6 10. O-O h6 11. Rc1 Qd7 12. Ne4 b6 13. Qc2 Nce7 14.
b4 Rfd8 15. Rfe1 f5 16. Ng3 f4 17. Ne4 Nf5 18. Bf1 g5 19. h3 fxe3 20. fxe3 Nd6 21. Ng3 g4 22. hxg4 Bxg4 23. Be2 Rac8 24. Rf1 Ne7 25.
d4 exd4 26. exd4 Ndf5 27. Nxf5 Nxf5 28. Bc4+ Kh8 29. d5 b5 30. Ba2 Bxf3 31. Rxf3 Nd4 32. Qe4 Re8 33. Qd3 Ne2+ 34. Kh1 Nxc1 35. Bxc1 Re1+ 36.
Rf1 Qe7 37. Bb1 Qh4+ 38. Kg1 Bd4+ 0-1

[Event "*** Titled Tuesday Blitz"]
[Site "Chess.com"]
[Date "2020.05.05"]
[Round "2"]
[White "TigrVShlyape"]
[Black "vanyakuba"]
[Result "1-0"]
[WhiteElo "2812"]
[BlackElo "2435"]
[TimeControl "180+1"]
[EndTime "10:18:15 PDT"]
[Termination "TigrVShlyape won on time"]

1. d4 d5 2. Nf3 c5 3. dxc5 e6 4. c4 Bxc5 5. cxd5 exd5 6. Nc3 Nf6 7. Bg5 Be6 8. e3 O-O 9. Be2 Nc6 10. O-O h6 11.
Bh4 g5 12. Bg3 Ne4 13. Rc1 Be7 14. Nb5 Nxg3 15. hxg3 Bf6 16. Nfd4 Nxd4 17. Nxd4 Qb6 18. Nxe6 fxe6 19. Qd3 Kg7 20. Bh5 Kh8 21. b3 Rac8 22.
Qg6 Bg7 23. Rxc8 Rxc8 24. Bg4 Rf8 25. Rd1 Rf6 26. Qe8+ Kh7 27. Be2 Rf8 28. Bd3+ Kg8 29. Qg6 Rf6 30. Qh7+ Kf8 31. Rc1 Qd8 32. Rc2 e5 33.
Bf5 1-0

[Event "*** Titled Tuesday Blitz"]
[Site "Chess.com"]
[Date "2020.05.05"]
[Round "2"]
[White "PenguinPacks"]
[Black "GMKrikor"]
[Result "0-1"]
[WhiteElo "2341"]
[BlackElo "2864"]
[TimeControl "180+1"]
[EndTime "10:18:15 PDT"]
[Termination "GMKrikor won by resignation"]

1. e4 c5 2. Nf3 g6 3. d4 cxd4 4. Nxd4 Nc6 5. Be3 Nf6 6. Nc3 Bg7 7. Nb3 O-O 8. Be2 a5 9. a4 d6 10. O-O Be6 11. h3 Nb4 12. Nd4 Bd7 13. f4 Rc8 14. Bf3 Qc7 15. Re1 Rfd8 16. Qd2 Qc4 17. Rad1 Qc7 18. Kh1 Bc6 19. Bf2 e5 20. Nde2 b6 21.
Bg3 Re8 22. Nb1 Nxe4 23. Bxe4 Bxe4 24. c3 Nd3 25. Rg1 Nc5 26. Na3 Nxa4 27. Qxd6 Qxd6 28. Rxd6 exf4 29. Nxf4 Bf8 30. Rd4 Nxb2 31. Nb1 f5 32. Nd2 Ba8 33. Be1 Bc5 34. Nf3 Bxf3 35. gxf3 Bxd4 36.
cxd4 Rc1 37. d5 Rexe1 0-1

[Event "*** Titled Tuesday Blitz"]
[Site "Chess.com"]
[Date "2020.05.05"]
[Round "2"]
[White "cuprichanin"]
[Black "IwkooO"]
[Result "1-0"]
[WhiteElo "2316"]
[BlackElo "2570"]
[TimeControl "180+1"]
[EndTime "10:18:15 PDT"]
[Termination "cuprichanin won on time"]

1. Nc3 c5 2. e4 Nc6 3. f4 e6 4. Nf3 Nge7 5. d3 d5 6. g4 g6 7. Bg2 Bg7 8. O-O h5 9. g5 O-O 10. Nh4 Rb8 11. Ne2 c4 12. e5 b5 13.
d4 b4 14. c3 a5 15. Ng3 Re8 16. Nxh5 gxh5 17. Qxh5 Nf5 18. Nf3 a4 19. a3 bxc3 20. bxc3 Na5 21. g6 fxg6 22. Qxg6 Bd7 23. Ng5 Re7 24. Bh3 Be8 25. Qh7+ Kf8 26. Nxe6+ Rxe6 27. Qxf5+ Bf7 28. Ra2 Rg6+ 29. Rg2 Rxg2+ 30. Bxg2 Qe7 31. Bxd5 Rd8 32. Be4 Kg8 33. Qg4 Qe6 34. f5 Qb6 35. f6 1-0

[Event "*** Titled Tuesday Blitz"]
[Site "Chess.com"]
[Date "2020.05.05"]
[Round "2"]
[White "WeAintSurePal"]
[Black "RianKapriaga"]
[Result "1-0"]
[WhiteElo "2398"]
[BlackElo "2141"]
[TimeControl "180+1"]
[EndTime "10:18:15 PDT"]
[Termination "WeAintSurePal won by checkmate"]

1. d4 Nf6 2. Nf3 e6 3. Bf4 Bd6 4. e3 b6 5. Nbd2 Bb7 6. Bd3 Bxf4 7. exf4 d6 8. c3 Nbd7 9. O-O Qe7 10. Re1 O-O 11.
f5 e5 12. dxe5 dxe5 13. Ne4 Rad8 14. Qc2 Rfe8 15. Rad1 Nd5 16. Bb5 a6 17. Bxd7 Rxd7 18. f6 Nxf6 19. Nxf6+ Qxf6 20. Rxd7 e4 21. Rdd1 Rf8 22.
Nd2 Qg6 23. Nxe4 f5 24. Ng3 h5 25. Qe2 h4 26. Qh5 Qf6 27. Nf1 Qc6 28. Ne3 f4 29.
Qd5+ Qxd5 30. Nxd5 Rf7 31. f3 Kh7 32. Rd4 g5 33. c4 Kg6 34. Re6+ Kg7 35. Rde4 h3 36. gxh3 Bc8 37. Re7 Bf5 38. Rxf7+ Kxf7 39. Re7+ Kg6 40. Rxc7 b5 41. Ne7+ Kf6 42. Nxf5 Kxf5 43. cxb5 axb5 44. Rc5+ Kg6 45. Rxb5 Kh5 46. a4 Kh4 47. Rb6 g4 48. hxg4 Kh3 49. Rh6# 1-0

[Event "*** Titled Tuesday Blitz"]
[Site "Chess.com"]
[Date "2020.05.05"]
[Round "2"]
[White "nicolochessit"]
[Black "mamonika"]
[Result "1-0"]
[WhiteElo "2363"]
[BlackElo "1965"]
[TimeControl "180+1"]
[EndTime "10:18:16 PDT"]
[Termination "nicolochessit won on time"]

1. Nf3 c5 2. g3 Nc6 3. Bg2 d5 4. O-O Nf6 5. d3 e5 6. c4 d4 7.
a3 Be7 8. Bg5 O-O 9. b4 cxb4 10.
Bxf6 Bxf6 11. axb4 Nxb4 12. Na3 Bf5 13. Qa4 a5 14.
Qb5 Bd7 15. Qc5 Rc8 16. Qa7 Bc6 17. Nd2 Bxg2 18. Kxg2 Qc7 19. Ne4 Be7 20. Nb5 Qc6 21. Qxa5 f5 22. Na7 Qg6 23. Nd2 Ra8 24. Qxe5 Nc6 25.
Nxc6 Qxc6+ 26. Nf3 Bf6 27. Qxf5 Rxa1 28. Rxa1 g6 29.
Qd5+ Qxd5 30. cxd5 Rd8 31. Ra5 Rd6 32. Nd2 Bd8 33.
Rb5 b6 34. Nc4 Rd7 35. f4 Bc7 36. d6 Bxd6 37. Rd5 b5 38. Rxd6 Rxd6 39. Nxd6 b4 40.
Nc4 Kf7 41. Kf3 Ke6 42. Ke4 1-0

[Event "*** Titled Tuesday Blitz"]
[Site "Chess.com"]
[Date "2020.05.05"]
[Round "2"]
[White "Mikhail_Golubev"]
[Black "Maybe00"]
[Result "0-1"]
[WhiteElo "2530"]
[BlackElo "2806"]
[TimeControl "180+1"]
[EndTime "10:18:17 PDT"]
[Termination "Maybe00 won on time"]

1. e4 e5 2. Nf3 Nc6 3. Nc3 Nf6 4. d4 exd4 5. Nxd4 Bb4 6. Nxc6 bxc6 7. Bd3 O-O 8. O-O d5 9. Bd2 Rb8 10. exd5 cxd5 11. Re1 c6 12. Qf3 Bd6 13. Na4 Bg4 14. Qe3 Qc7 15. h3 Rfe8 16. Qg5 Be6 17. Bc3 h6 18. Qh4 Nd7 19. b4 Ne5 20. Qd4 f6 21.
Nc5 Bxc5 22. Qxc5 Nxd3 23. cxd3 Qd7 24. Bd4 a6 25. Rac1 Rbc8 26. a3 Bf5 27. Qc3 Kh7 28.
Re3 Rxe3 29. Bxe3 Bg6 30. Qd4 Qf5 31. Rc3 Re8 32. Rxc6 Qxd3 33. Rc7 Qxd4 34. Bxd4 Re1+ 0-1

[Event "*** Titled Tuesday Blitz"]
[Site "Chess.com"]
[Date "2020.05.05"]
[Round "2"]
[White "ChessWarrior7197"]
[Black "CSB7"]
[Result "1-0"]
[WhiteElo "2851"]
[BlackElo "2551"]
[TimeControl "180+1"]
[EndTime "10:18:18 PDT"]
[Termination "ChessWarrior7197 won by resignation"]

1. e4 e5 2. Nf3 Nc6 3. Bb5 Nf6 4. O-O Nxe4 5. Re1 Nd6 6. Nxe5 Be7 7. Bf1 Nxe5 8.
Rxe5 O-O 9. Nc3 Ne8 10. Nd5 Bd6 11. Re1 c6 12. Ne3 Be7 13. Nf5 Bg5 14. d4 d5 15.
Bxg5 Qxg5 16. Ne7+ Kh8 17. Nxc8 Rxc8 18. Bd3 Qf6 19. c3 Nd6 20. Qg4 Rce8 21. Qd7 Qd8 22. Qxd8 Rxd8 23. Re7 Rfe8 24. Rae1 Rxe7 25. Rxe7 Kg8 26. b3 Kf8 27. Re5 h6 28. f4 Re8 29.
c4 dxc4 30. bxc4 Rd8 31. Kf2 Nc8 32. Ke3 Ne7 33. h4 b6 34. Be4 f6 35. Re6 Kf7 36. f5 g6 37. g4 h5 38. g5 fxg5 39. hxg5 Nxf5+ 40. Bxf5 gxf5 41. Rxc6 Rg8 42. Kf4 Rd8 43.
d5 h4 44. Kxf5 Rd7 45. Rh6 Kg7 46. Rxh4 Rf7+ 47. Ke6 Rc7 48. d6 1-0

[Event "*** Titled Tuesday Blitz"]
[Site "Chess.com"]
[Date "2020.05.05"]
[Round "2"]
[White "Gergo85"]
[Black "RovenVogel"]
[Result "1-0"]
[WhiteElo "2533"]
[BlackElo "2731"]
[TimeControl "180+1"]
[EndTime "10:18:18 PDT"]
[Termination "Gergo85 won by resignation"]

1. e4 e5 2. Nc3 Nc6 3. g3 Nf6 4. Bg2 Bc5 5. d3 a6 6. Nge2 d6 7. O-O Nd4 8. Nxd4 Bxd4 9. Ne2 Bb6 10. h3 h5 11. Bg5 Be6 12. d4 Qd7 13. Bxf6 gxf6 14.
h4 Bg4 15. c3 O-O-O 16. Kh2 Qe7 17. a4 d5 18. a5 Ba7 19. exd5 exd4 20. f3 Bd7 21. Nxd4 Qe5 22. f4 Qd6 23. Qd3 Kb8 24.
b4 f5 25. b5 Bxd4 26. Qxd4 Bxb5 27. c4 c5 28. Qc3 Bd7 29. Rab1 Bc8 30. Rb6 Qc7 31.
Rfb1 Rhg8 32. Rxa6 Qe7 33. Rab6 Qe2 34. a6 Rd7 35.
axb7 Rxb7 36. d6 1-0

[Event "*** Titled Tuesday Blitz"]
[Site "Chess.com"]
[Date "2020.05.05"]
[Round "2"]
[White "DenisQ"]
[Black "Apocalyps999"]
[Result "1-0"]
[WhiteElo "2655"]
[BlackElo "2394"]
[TimeControl "180+1"]
[EndTime "10:18:18 PDT"]
[Termination "DenisQ won on time"]

1. Nf3 d5 2. c4 c6 3. cxd5 cxd5 4. d4 Nf6 5. Nc3 Nc6 6. Bf4 a6 7. Rc1 Bf5 8. e3 e6 9. Qb3 Na5 10. Qa4+ Nc6 11. Ne5 Qb6 12. Be2 Be7 13. O-O O-O 14.
Nxc6 bxc6 15. Qb3 Qxb3 16. axb3 Nd7 17. Na4 Rfc8 18. Rfd1 a5 19. Bd3 Bxd3 20. Rxd3 Bb4 21. Rdd1 c5 22. dxc5 Bxc5 23. Kf1 Bb4 24. Bc7 Kf8 25.
e4 Ke8 26. exd5 exd5 27. Rxd5 Ra7 28. Rxd7 Kxd7 29. Nb6+ Ke8 30. Nxc8 Rb7 31. Nd6+ 1-0

[Event "*** Titled Tuesday Blitz"]
[Site "Chess.com"]
[Date "2020.05.05"]
[Round "2"]
[White "Char_dasha"]
[Black "chessuriel"]
[Result "0-1"]
[WhiteElo "2360"]
[BlackElo "2212"]
[TimeControl "180+1"]
[EndTime "10:18:18 PDT"]
[Termination "chessuriel won on time"]

1. c4 Nf6 2. Nc3 c5 3. g3 d5 4. cxd5 Nxd5 5. Bg2 Nc7 6. Nf3 Nc6 7. O-O e5 8. d3 Be7 9. Be3 O-O 10. Rc1 Bd7 11.
Nd2 b6 12. a3 Rc8 13. h4 Ne6 14. Nd5 Bd6 15. Ne4 Bb8 16. b4 cxb4 17. axb4 Ncd4 18.
Rxc8 Bxc8 19. Nec3 Kh8 20. Qd2 Bb7 21. Qa2 f5 22.
Rc1 f4 23. Bd2 fxg3 24. fxg3 Qe8 25. Rf1 Rxf1+ 26. Bxf1 Qg6 27. Kh2 e4 28. Nxe4 Qf5 29. Bh3 Qxd5 30. Qxd5 Bxd5 31. Nc3 Bb3 32. Kg2 Bd6 33.
e3 Nc2 34. Ne4 Bxb4 35. Bxb4 Nxb4 0-1

[Event "*** Titled Tuesday Blitz"]
[Site "Chess.com"]
[Date "2020.05.05"]
[Round "2"]
[White "BvsN"]
[Black "ZCorrales"]
[Result "1-0"]
[WhiteElo "2371"]
[BlackElo "2050"]
[TimeControl "180+1"]
[EndTime "10:18:18 PDT"]
[Termination "BvsN won by checkmate"]

1. d4 Nf6 2. c4 e6 3. Nc3 Bb4 4. f3 d5 5. a3 Bxc3+ 6. bxc3 O-O 7. cxd5 exd5 8. e3 Re8 9. Bd3 c5 10. Ne2 Nc6 11. O-O b6 12. Ng3 Na5 13. Ra2 Bd7 14. Kh1 Rc8 15. e4 cxd4 16. cxd4 dxe4 17. fxe4 Bg4 18.
Qa4 Rc3 19. Bb5 Rxe4 20. Nxe4 Nxe4 21. Bf4 Be6 22. Re2 f5 23. d5 Qxd5 24. Rd1 Qc5 25. Bc4 Rxc4 26. Qe8+ Qf8 27. Qxe6+ Kh8 28. Bd6 Nxd6 29.
Qxd6 Qg8 30. Qd7 Rc8 31. Rde1 h6 32. Re8 Rxe8 33. Rxe8 Nb3 34. Rxg8+ Kxg8 35. Qd5+ Kh7 36. Qxb3 Kg6 37. Qa4 Kg5 38. Qxa7 g6 39. Qxb6 f4 40. a4 Kh4 41. a5 g5 42. a6 h5 43.
a7 g4 44. a8=Q g3 45. Qad8+ Kg4 46. Qe6# 1-0

[Event "*** Titled Tuesday Blitz"]
[Site "Chess.com"]
[Date "2020.05.05"]
[Round "2"]
[White "annacramling"]
[Black "CroissantNeuf"]
[Result "0-1"]
[WhiteElo "1922"]
[BlackElo "2352"]
[TimeControl "180+1"]
[EndTime "10:18:18 PDT"]
[Termination "CroissantNeuf won on time"]

1. d4 Nf6 2. c4 e6 3. Nc3 Bb4 4. Qc2 O-O 5. e4 d5 6. e5 Ne4 7. Bd3 c5 8. Nf3 cxd4 9. Nxd4 Nd7 10. Nf3 Ndc5 11. O-O Bxc3 12. bxc3 Nxd3 13. Qxd3 b6 14. Ba3 Re8 15. cxd5 Qxd5 16. Qc2 Bb7 17. Rfd1 Qc6 18. Bb2 Rac8 19. Rac1 b5 20. Nd4 Qc5 21. f3 f6 22. fxe4 fxe5 23. Qf2 exd4 24. Qxd4 e5 25. Qxc5 Rxc5 26. Ba3 Rc4 27. Bb4 Rxe4 28. Re1 Rd8 29. Rxe4 Bxe4 30. Re1 Bc6 31. Ba3 Rd2 0-1

[Event "*** Titled Tuesday Blitz"]
[Site "Chess.com"]
[Date "2020.05.05"]
[Round "2"]
[White "bazar-wokzal"]
[Black "SGchess01"]
[Result "0-1"]
[WhiteElo "2528"]
[BlackElo "2796"]
[TimeControl "180+1"]
[EndTime "10:18:19 PDT"]
[Termination "SGchess01 won by resignation"]

1. e4 Nf6 2. Nc3 d5 3. e5 Nfd7 4. e6 fxe6 5. d4 c5 6. Bd3 Nf6 7. dxc5 e5 8. Nf3 e4 9. Bb5+ Bd7 10. Nd4 Bxb5 11. Ncxb5 Na6 12. Ne6 Qc8 13. Nbd4 Nxc5 14. Nxf8 Rxf8 15. O-O e5 16. Nb5 Qc6 17. c4 d4 18. b4 Ne6 19. Qa4 Kf7 20. c5 Kg8 21.
Qa5 b6 22. Qa6 Nd5 23. Ba3 e3 24. Nd6 exf2+ 25. Rxf2 Rxf2 26. Kxf2 Rf8+ 27. Kg1 Ne3 28. Qb7 Qa4 29. Qe7 Nf4 30. Qxe5 Qxa3 31. Ne8 Nh5 32. Qe6+ Kh8 33. Nd6 Nf6 34. Nf7+ Rxf7 35. Qc8+ Ng8 36. cxb6 Qb2 0-1

[Event "*** Titled Tuesday Blitz"]
[Site "Chess.com"]
[Date "2020.05.05"]
[Round "2"]
[White "Aradej"]
[Black "abhidabhi"]
[Result "1-0"]
[WhiteElo "2538"]
[BlackElo "2765"]
[TimeControl "180+1"]
[EndTime "10:18:19 PDT"]
[Termination "Aradej won by resignation"]

1. e4 e5 2. Nf3 Nc6 3. Bc4 Bc5 4. c3 Nf6 5. d3 d6 6. O-O a6 7. a4 h6 8. Re1 Ba7 9. Nbd2 O-O 10. h3 Re8 11. Nf1 Be6 12. Bxe6 Rxe6 13. Ng3 Ne7 14. Nh4 Ng6 15. Nhf5 d5 16. Qf3 a5 17. Nxg7 Kxg7 18.
Nf5+ Kh7 19. Bxh6 Qg8 20. exd5 Rb6 21. Bg5 e4 22. dxe4 Ne5 23. Qf4 Nh5 24. Qh4 Qg6 25. Ne7 Rxb2 26. Rf1 Rf8 27. Nxg6 fxg6 28. Rab1 Rfxf2 29.
Rxf2 Rxb1+ 30. Kh2 Nd3 31. Rf7+ Kg8 32. g4 Rb2+ 33.
Kh1 Kxf7 34. gxh5 Nf2+ 35. Kg2 Nxe4+ 36. Kf3 Nxg5+ 37. Qxg5 Rf2+ 38. Ke4 Rf6 39. h6 1-0